 Dungeon Crawl Stone Soup version 0.17.1-1-g73c8601 (webtiles) character file.

35 Implojin the Ruffian (level 3, -1/33 HPs)
             Began as a Deep Dwarf Berserker on Apr 8, 2016.
             Was a Follower of Trog.
             Killed by divine providence
             ... invoked by an orc priest
              (9 damage)
             ... on level 4 of the Dungeon.
             The game lasted 00:02:22 (314 turns).

Implojin the Ruffian (Deep Dwarf Berserker)          Turns: 314, Time: 00:02:22

Health: -1/33      AC:  5    Str: 20    XL:     3   Next: 16%
Magic:  3/3        EV: 11    Int:  7    God:    Trog [*.....]
Gold:   15         SH:  0    Dex: 13    Spells: 0 memorised, 2 levels left

rFire  . . .     SeeInvis .       - Unarmed
rCold  . . .     Clarity  .     g - +0 ring mail
rNeg   . . .     SustAt   +     (no shield)
rPois  .         Gourm    .     (no helmet)
rElec  .         Spirit   .     (no cloak)
rCorr  .         Warding  .     (no gloves)
rMut   .         Stasis   .     (no boots)
MR     .....                    (no amulet)
Stlth  +.........               (no ring)
                                f - ring of sustain attributes

@: exhausted, non-regenerating, slowed, very slow, not resistant to hostile
enchantments, very unstealthy
A: damage resistance, recharge devices, sense surroundings 1, slow regeneration
3
a: Device Recharging, Berserk, Burn Spellbooks, Renounce Religion


You were on level 4 of the Dungeon.
You worshipped Trog.
Trog was aware of your devotion.
You were not hungry.

You visited 1 branch of the dungeon, and saw 4 of its levels.

You collected 15 gold pieces.

Inventory:

Missiles
 e - 4 tomahawks (quivered)
Armour
 g - a +0 ring mail (worn)
Jewellery
 f - a ring of sustain attributes (left hand)
Wands
 b - a wand of heal wounds (1)
Comestibles
 c - a bread ration


   Skills:
 - Level 2.6 Fighting
 - Level 2.1 Armour
 - Level 2.1 Dodging
 * Level 3.9 Unarmed Combat


You had 2 spell levels left.
You didn't know any spells.

Dungeon Overview and Level Annotations

Branches:
Dungeon (4/15)
 Temple: D:4-7

Altars:


Innate Abilities, Weirdness & Mutations

You are resistant to damage.
You can recharge devices by infusing magical energy.
You passively map a small area around you.
You do not regenerate naturally.


Message History

Something tries to affect you, but you resist.
You closely miss something.
You hear some strange, mumbled words.
You are more confused.
You're too confused to move!
You are no longer berserk.
You are exhausted.
You feel yourself slow down.
Unknown command.
Something hits you but does no damage.
The orc priest invokes the aid of Beogh against you.
Something smites you!
* * * LOW HITPOINT WARNING * * *
You aren't carrying any potions.
You're too confused!
Unknown command.
You miss something.
You hear some strange, mumbled words.
Something tries to affect you, but you resist.
The orc priest looks braver for a moment.
Something hits you.
You bump into the rock wall.
You hear some strange, mumbled words.
A puff of flame appears from out of thin air!
The puff of flame hits you!
* * * LOW HITPOINT WARNING * * *
You miss something. Something hits you. Something hits you but does no damage.
You closely miss something.
You feel less confused. Something hits you but does no damage.
Your ring mail prevents you from hitting something.
You hear some strange, mumbled words.
Something tries to affect you, but you resist.
You miss something. Something hits you but does no damage.
Something hits you but does no damage.
Read which item? (? for menu, Esc to quit)
As you read the scroll labeled OPNONU TIHOH, it crumbles to dust.
You feel blessed for a moment.
It was a scroll of remove curse.
The orc priest invokes the aid of Beogh against you.
Something smites you!
You die...

#...........[†)<..
#......#########..
#......# #..
#####..# ##.
##.### *.. #...#
#.# ###.# ..
###########.#
#...@{ooo.#.## ,
#########.#..##
#.....# ###o#.## *
#..o.## *
####..###..
#<......
*####......
##..........


You could see an orc priest and 2 orcs.

Vanquished Creatures
  An adder (D:4)
  A worm (D:3)
  A giant gecko (D:3)
  5 orcs (D:4)
  2 giant cockroaches (D:2)
  A goblin (D:3)
  A hobgoblin (D:2)
  3 kobolds
  A rat (D:2)
16 creatures vanquished.

Notes
Turn   | Place    | Note
--------------------------------------------------------------
     0 | D:1      | Implojin the Deep Dwarf Berserker began the quest for the Orb.
     0 | D:1      | Reached XP level 1. HP: 20/20 MP: 1/1
    88 | D:2      | Reached skill level 3 in Unarmed Combat
   116 | D:2      | Reached XP level 2. HP: 13/27 MP: 2/2
   275 | D:4      | Reached XP level 3. HP: 33/33 MP: 3/3
   314 | D:4      | Killed from afar by an orc priest

Action                   || total
-------------------------++-------
Melee: Unarmed           ||    94
Invok: Berserk           ||     2
Evoke: Wand              ||     4
  Use: Scroll            ||     3

Table legend:
 A = Turns spent in this place as a percentage of turns spent in the entire game.
 B = Non-inter-level travel turns spent in this place as a percentage of non-inter-level travel turns spent in the entire game.
 C = Inter-level travel turns spent in this place as a percentage of turns spent in this place.
 D = Turns resting spent in this place as a percentage of non-inter-level travel turns spent in this place.
 E = Turns spent auto-exploring this place as a percentage of non-inter-level travel turns spent in this place.
 F = Non-inter-level travel turns spent in this place divided by the number of levels of this place that you've seen.
                   A       B       C       D       E      F
               +-------+-------+-------+-------+-------+----------------------
         Total | 100.0 | 100.0 |   0.0 |   0.0 |   0.0 |  80.5
       Dungeon | 100.0 | 100.0 |   0.0 |   0.0 |   0.0 |  80.5
               +-------+-------+-------+-------+-------+----------------------

Table legend:
 A = Kills in this place as a percentage of kills in entire the game.
 B = Kills by you in this place as a percentage of kills by you in the entire game.
 C = Kills by friends in this place as a percentage of kills by friends in the entire game.
 D = Other kills in this place as a percentage of other kills in the entire game.
 E = Experience gained in this place as a percentage of experience gained in the entire game.
 F = Experience gained in this place divided by the number of levels of this place that you have seen.
                   A       B       C       D       E      F
               +-------+-------+-------+-------+-------+----------------------
         Total | 100.0 | 100.0 |  -nan |  -nan | 100.0 |  12.5
       Dungeon | 100.0 | 100.0 |  -nan |  -nan | 100.0 |  12.5
               +-------+-------+-------+-------+-------+----------------------
